 Dungeon Crawl Stone Soup version 0.23.2-33-g5129a83184 (webtiles) character file.

Game seed: 17614752961385386286

65 Derp the Slasher (level 3, 0/28 HPs)
             Began as a Demonspawn Gladiator on July 23, 2019.
             Slain by a sky beast (5 damage)
             ... on level 1 of the Dungeon.
             The game lasted 00:02:12 (1610 turns).

Derp the Slasher (Demonspawn Gladiator)             Turns: 1610, Time: 00:02:13

Health: 0/28       AC:  4    Str: 15    XL:     3   Next: 94%
Magic:  3/3        EV: 13    Int:  9    God:
Gold:   112        SH:  0    Dex: 14    Spells: 2/2 levels left

rFire    . . .     SeeInvis .   a - +0 long sword
rCold    . . .     Gourm    .   (no shield)
rNeg     . . .     Faith    .   b - +0 leather armour
rPois    .         Spirit   .   c - +0 helmet
rElec    .         Reflect  .   (no cloak)
rCorr    .         Harm     .   (no gloves)
MR       .....                  (no boots)
Stlth    +.........             (no amulet)
HPRegen  0.09/turn              (no ring)
MPRegen  0.08/turn              (no ring)

@: no status effects
A: powered by pain 1
a: no special abilities


You were on level 1 of the Dungeon.
You were very hungry.

You visited 1 branch of the dungeon, and saw 2 of its levels.

You collected 112 gold pieces.

Inventory:

Hand Weapons
 a - a +0 long sword (weapon)
 n - a +1 vampiric hand axe
 o - a +0 vampiric dagger
Missiles
 d - 3 throwing nets (quivered)
Armour
 b - a +0 leather armour (worn)
 c - a +0 helmet (worn)
Scrolls
 e - a scroll of noise {unknown}
 i - a scroll of enchant weapon {unknown}
 k - a scroll of magic mapping {unknown}
 l - a scroll of immolation {unknown}
 p - a scroll of amnesia {unknown}
Potions
 g - 2 potions of curing {unknown}
 h - a potion of magic {unknown}
 j - a potion of agility {unknown}
 m - 2 potions of berserk rage {unknown}
Comestibles
 f - 5 rations


   Skills:
 + Level 2.3 Fighting
 + Level 3.7 Long Blades
 + Level 1.9 Throwing
 + Level 0.5 Armour
 + Level 3.1 Dodging
 + Level 0.2 Stealth


You had 2 spell levels left.
You didn't know any spells.
Your spell library was empty.

Dungeon Overview and Level Annotations

Branches:
Dungeon (2/15)

Altars:


Innate Abilities, Weirdness & Mutations

You sometimes gain a little power by taking damage.


Message History

The sky beast is lightly wounded.
The sky beast hits you. The sky beast shocks you. The sky beast hits you.
The sky beast shocks you.
* * * LOW HITPOINT WARNING * * *
You are too injured to fight recklessly!
The sky beast flickers out of sight!
Deactivating autopickup; reactivate with Ctrl-A.
A sky beast appears from thin air!
Reactivating autopickup.
The sky beast flickers out of sight!
Deactivating autopickup; reactivate with Ctrl-A.
There is a stone staircase leading up here.
Something hits you but does no damage.
You climb upwards.
Reactivating autopickup.
There is a stone staircase leading down here.
Something hits you.
* * * LOW HITPOINT WARNING * * *
Something shocks you.
You die...

..((.....#.........# #.# #.##
#####....#.........# #.# #...
.........#.........###.# ####
#####....#.............# #.
#.####.........#############. #.#
#........(# #........#.. #.#
########### #........#..
###.################........#..
#........#....@.............##.
#........#...........#########.
#....................# #######.
###........###.######### #.......
.............#.# #.####..
############.#.# #.# #..
#......#.#.### ###'#####.
#......(.....#######......##.
#####..###.....#..>....'......###


There were no monsters in sight!

Vanquished Creatures
  A hound (D:2)
  An adder (D:2)
  An ooze (D:2)
  A worm (D:2)
  2 goblins
  3 hobgoblins
  2 bats
  4 frilled lizards
  6 kobolds (D:1)
  A rat (D:1)
22 creatures vanquished.

Notes
Turn   | Place    | Note
-------+----------+-------------------------------------------
     0 | D:1      | Derp the Demonspawn Gladiator began the quest for the Orb.
     0 | D:1      | Reached XP level 1. HP: 16/16 MP: 1/1
   375 | D:1      | Gained mutation: You sometimes gain a little power by
                  | taking damage. [demonic ancestry]
   375 | D:1      | Reached XP level 2. HP: 13/22 MP: 2/2
   983 | D:2      | Reached XP level 3. HP: 8/27 MP: 3/3
  1573 | D:2      | Noticed a sky beast
  1610 | D:1      | Slain by a sky beast

Skill      XL: |  1  2 |
---------------+-------+-----
Long Blades    | 3 |  3.7
Dodging        | 3 |  3.1
Fighting       | |  2.3
Throwing       | |  1.9
Armour         | |  0.5
Stealth        | |  0.2

Action                   || total
-------------------------++-------
Melee: Long sword        ||    60
  Eat: Chunk             ||     1
Armor: Leather armour    ||    15
Dodge: Dodged            ||    41
       Rpst.: Long sword ||    13
